 Dungeon Crawl Stone Soup version 0.17-a0-1716-gdf19ebb (console) character file.

215 Illiel the Archer (level 5, -5/34 HPs)
             Began as a High Elf Hunter on Aug 24, 2015.
             Killed from afar by an orc wizard (8 damage)
             ... with a puff of frost
             ... on level 4 of the Dungeon.
             The game lasted 00:13:28 (3932 turns).

Illiel the Archer (High Elf Hunter)                 Turns: 3932, Time: 00:13:29

Health: -5/34      AC:  3    Str: 11    XL:     5   Next: 60%
Magic:  6/6        EV: 12    Int: 14    God:
Gold:   174        SH:  0    Dex: 19    Spells: 0 memorised, 4 levels left

rFire  + . .     SeeInvis .     b - +0 short sword
rCold  . . .     Clarity  .     d - +0 leather armour
rNeg   . . .     SustAt   .     (no shield)
rPois  .         Gourm    .     (no helmet)
rElec  .         Spirit   .     (no cloak)
rCorr  .         Warding  .     (no gloves)
rMut   .         Stasis   .     (no boots)
MR     .....                    (no amulet)
Stlth  +.........               r - ring of protection from fire
                                u - +2 ring of dexterity

@: confused, not resistant to hostile enchantments, very unstealthy
A: no striking features
a: no special abilities


You were on level 4 of the Dungeon.
You were very hungry.

You visited 1 branch of the dungeon, and saw 4 of its levels.

You collected 174 gold pieces.

Inventory:

Hand weapons
 a - a +1 shortbow
 b - a +0 short sword (weapon)
Missiles
 c - 45 arrows
Armour
 d - a +0 leather armour (worn)
Jewellery
 h - an uncursed ring of magical power
 r - a ring of protection from fire (right hand)
 u - a +2 ring of dexterity (left hand)
Magical devices
 x - a wand of frost (25)
 y - a wand of draining (0)
Scrolls
 g - a scroll of enchant weapon {unknown}
 j - 2 scrolls of fear {unknown}
 k - 2 scrolls of remove curse {unknown}
 l - 7 scrolls of identify {unknown}
 m - 2 scrolls of blinking {unknown}
 n - a scroll of amnesia {unknown}
 t - 2 scrolls of teleportation {unknown}
 v - a scroll of magic mapping {unknown}
 A - a scroll of immolation {unknown}
Potions
 p - a potion of magic {unknown}
 q - a potion of heal wounds {unknown}
 s - a potion of curing {unknown}
 w - a potion of haste {unknown}
 z - a potion of flight {unknown}
Comestibles
 e - 4 bread rations
 i - 3 beef jerkies
 o - 3 fruits


   Skills:
 + Level 2.1 Fighting
 + Level 9.1 Bows
 + Level 2.1 Dodging
 + Level 1.1 Stealth
 + Level 0.0 Evocations


You had 4 spell levels left.
You didn't know any spells.

Dungeon Overview and Level Annotations

Branches:
Dungeon (4/15)
 Temple: D:4-7

Altars:
Vehumet

Annotations:
D:2 Terence


Message History

The orc wizard closely misses you. The shadow imp hits you.
* * * LOW HITPOINT WARNING * * *
The orc wizard closely misses you.
Evoke which item? (* to show all) (? for menu, Esc to quit)
Zapping:
x - a wand of frost {zapped: 1} (will waste charges)
Press: ? - help, Shift-Dir - straight line, f - orc wizard, p - shadow imp
Aim: an orc wizard, wielding a dagger and wearing a robe (fast)
The puff of frost hits the orc wizard.
The orc wizard is moderately wounded.
Evoking this partially-identified wand wasted a few charges.
The shadow imp barely misses you. The orc wizard barely misses you.
Drink which item? (? for menu, Esc to quit)
It was a potion of ambrosia.
You are confused.
You feel invigorated. The orc wizard barely misses you.
The shadow imp hits you.
* * * LOW HITPOINT WARNING * * *
The orc wizard gestures at you while chanting.
The puff of frost hits you!
You die...

▒∙∙∙∙∙∙∙'∙∙∙▒ ▒∙∙∙∙∙∙∙▒∙∙∙▒
▒∙∙∙∙∙∙∙▒∙∙∙▒ ▒∙∙∙∙∙∙∙▒▒'▒▒
∙∙▒▒▒▒■▒▒▒∙∙∙▒ ∙∙∙ ▒∙∙∙∙▒ ∙∙
▒∙∙∙∙▒ ■∙∙∙∙▒ ▒▒▒■▒▒▒∙∙∙▒ ▒∙∙∙∙▒
▒▒▒▒▒▒■▒▒▒∙∙∙∙∙▒▒∙∙∙▒ ▒∙∙∙∙▒
▒∙∙∙∙∙∙∙∙▒∙∙∙∙∙∙∙∙∙∙▒ ▒∙∙∙∙▒
▒∙∙∙∙∙∙∙∙▒∙∙∙∙∙∙∙∙∙>▒ ▒∙∙∙∙▒
▒∙∙∙∙∙∙∙∙■∙∙∙∙∙∙∙∙∙∙▒
■∙∙∙∙▒▒▒▒▒▒▒▒▒∙∙∙∙∙∙▒▒∙∙∙∙▒▒▒∙∙∙▒
∙∙∙∙∙▒∙∙∙∙∙▒∙∙∙∙∙∙∙∙▒▒∙∙∙∙▒▒▒∙∙∙▒
∙∙∙∙∙■∙∙∙∙∙▒∙∙∙5∙∙∙∙∙∙∙∙∙∙∙∙∙∙∙∙▒
∙∙∙∙∙▒∙∙∙∙∙)∙∙∙o@∙∙∙∙∙∙∙∙∙∙∙∙∙∙∙▒
∙∙∙∙∙▒∙∙∙∙)▒∙∙∙∙∙∙∙∙∙∙∙∙∙∙∙∙∙∙∙∙▒
∙∙∙∙∙▒▒'▒▒▒▒▒▒▒▒▒'▒▒▒▒∙∙∙∙∙∙∙∙∙∙▒
∙∙∙∙∙∙∙∙∙∙∙∙∙∙∙∙∙∙∙∙∙▒∙∙∙∙▒▒∙∙∙∙▒
∙∙∙∙∙∙∙∙∙∙∙∙∙∙∙∙∙∙∙∙∙▒∙∙∙∙▒▒■▒▒▒▒
∙∙∙∙∙∙∙∙∙∙∙∙∙∙∙∙∙∙∙∙∙▒∙∙∙∙▒
∙∙s∙[∙o∙∙∙∙∙∙∙∙∙∙∙∙∙∙▒∙∙∙∙▒
∙∙∙∙∙∙∙5∙∙∙∙∙∙∙∙∙∙∙∙∙▒∙∙∙∙■
∙∙∙∙∙∙∙o∙∙∙∙∙∙∙∙∙∙∙∙∙■∙∙∙∙▒
▒▒▒■▒∙∙∙∙∙∙∙∙∙∙∙∙∙∙∙∙▒▒▒■▒▒
▒∙∙∙▒∙∙∙∙∙∙∙∙∙∙∙∙∙∙∙∙∙
▒∙∙∙▒∙∙∙∙∙▒▒▒■▒▒ '∙∙∙▒∙∙∙∙∙▒ ∙
▒∙∙∙'∙∙∙∙∙▒ ∙∙ ▒▒'▒▒∙∙∙∙∙▒


∙o∙ ▒∙∙∙▒∙∙∙∙∙▒ ∙∙∙o ∙∙∙∙▒∙∙∙∙∙▒ ∙∙5o∙ You could see an orc wizard and a shadow
imp.

Vanquished Creatures
  2 orc priests
  An iguana (D:3)
  5 adders
  2 oozes
  A worm (D:2)
  A giant gecko (D:2)
  5 orcs
  8 bats
  7 giant cockroaches
  6 goblins
  10 hobgoblins
  2 jackals (D:3)
  A quokka (D:2)
  7 giant newts
  7 kobolds
  7 rats
72 creatures vanquished.

Notes
Turn   | Place    | Note
--------------------------------------------------------------
     0 | D:1      | Illiel the High Elf Hunter began the quest for the Orb.
     0 | D:1      | Reached XP level 1. HP: 14/14 MP: 2/2
   335 | D:1      | Reached XP level 2. HP: 19/19 MP: 3/3
   400 | D:1      | Reached skill level 6 in Bows
   941 | D:2      | Reached XP level 3. HP: 10/24 MP: 4/4
  1129 | D:2      | Noticed Terence
  1283 | D:2      | Reached skill level 7 in Bows
  1852 | D:2      | Reached XP level 4. HP: 29/29 MP: 5/5
  2385 | D:3      | Reached skill level 8 in Bows
  2791 | D:3      | Found a radiant altar of Vehumet.
  2962 | D:3      | Reached XP level 5. HP: 34/34 MP: 6/6
  3587 | D:4      | Reached skill level 9 in Bows
  3932 | D:4      | Killed from afar by an orc wizard

Vault maps used:
D:1:      onia_arrival_pyramid, minmay_unequal
D:2:      uniq_terence
D:3:      vehumet_altar_wand_db, first_bread
D:4:      temple_doors_e, nicolae_ru_great_annihilating_truth

Action                   |  1- 3 |  4- 6 || total
-------------------------+-------+-------++-------
Melee: Short sword       |    84 |    70 ||   154
 Fire: Shortbow          |    42 |    56 ||    98
Evoke: Wand              |       |     2 ||     2
  Use: Potion            |       |     1 ||     1
 Stab: Sleeping          |     1 |     4 ||     5
  Eat: Chunk             |     3 |     5 ||     8
